Map: Newkirk Precinct TE (Void)

Players

Zeratuss

  • Race: Zerg Zerg
  • League: Diamond
  • Spawn Location: 5:00

Musumeci - Winner!

  • Race: Zerg Zerg
  • League: Diamond
  • Spawn Location: 7:00

VOD

Have the link to the VOD?

Description

Time

  • Played on: Dec. 28, 2016, 9:04 a.m.
  • Length: 6:02
Show
View Real Time Build Order
Export as new Build Order

Zeratuss Zerg 

Build Orders: Pool First, Zergling Baneling 

Get SALT Encoding   

  12  0:01  Drone  
  13  0:09  Drone  
  14  0:17  Overlord  
  14  0:24  Drone, Extractor  
  15  0:36  Drone x2  
  15  0:41  Extractor  
  16  0:45  Drone  
  17  0:54  Spawning Pool  
  17  0:56  Drone  
  17  1:18  Hatchery  
  17  1:24  Drone  
  17  1:25  Drone  
  18  1:36  Overlord  
  18  1:50  Zergling x4  
  20  2:00  Zergling x2  
  21  2:04  Metabolic Boost  
  21  2:10  Drone  
  21  2:15  Queen  
  22  2:21  Drone  
  25  2:30  Drone  
  25  2:32  Queen  
  25  2:33  Drone  
  29  2:57  Zergling x2  
  29  2:58  Zergling x6  
  33  3:10  Baneling Nest  
  32  3:13  Drone x2  
  34  3:24  Zergling x4  
  34  3:26  Overlord  
  36  3:37  Overlord  
  36  3:49  Zergling x8  
  36  3:50  Zergling x6  
  43  3:59  Drone  
  43  4:01  Drone  
  45  4:03  Hatchery  
  44  4:16  Drone x2  
  46  4:18  Drone  
  47  4:25  Drone  
  47  4:26  Drone x3  
  51  4:37  Baneling x6  
  51  4:38  Baneling x2, Zergling x2  
  50  4:40  Overlord  
  50  4:45  Overlord  
  51  4:49  Overlord  
  48  5:13  Zergling x2  
  37  5:14  Zergling x14  
  37  5:19  Zergling x6  
  37  5:20  Zergling x4  
  48  5:23  Zergling x2  
  48  5:24  Zergling x4  
  48  5:27  Zergling x4  
  53  5:33  Baneling x7  
  53  5:36  Zergling x2  
  53  5:37  Zergling x2  
Show
View Real Time Build Order
Export as new Build Order

Musumeci Zerg - Winner!

Build Orders: Hatch First, Zergling Baneling 

Get SALT Encoding   

  12  0:01  Drone  
  13  0:09  Drone  
  14  0:16  Drone, Extractor  
  15  0:22  Overlord  
  15  0:41  Drone x2  
  17  0:44  Drone  
  18  1:01  Hatchery  
  17  1:11  Evolution Chamber  
  16  1:13  Extractor  
  16  1:18  Drone  
  16  1:29  Spawning Pool  
  15  1:39  Drone x3  
  18  1:51  Drone  
  19  2:01  Drone  
  20  2:11  Drone  
  21  2:15  Metabolic Boost  
  21  2:16  Queen  
  21  2:17  Queen  
  26  2:22  Drone  
  26  2:28  Overlord  
  26  2:33  Zergling x2  
  26  2:36  Zergling x2  
  28  2:47  Zergling x4  
  28  2:50  Zergling x2  
  31  3:07  Zergling x8  
  35  3:14  Baneling Nest  
  35  3:16  Evolution Chamber  
  33  3:22  Zergling x4  
  33  3:25  Overlord  
  35  3:31  Zergling x2  
  36  3:44  Zerg Ground Armor Level 1  
  36  3:45  Zergling x2  
  36  3:46  Zergling x4  
  39  3:49  Zergling x2  
  40  3:58  Baneling  
  40  3:59  Baneling x2  
  40  4:00  Zergling x4  
  42  4:06  Zergling x4  
  44  4:12  Overlord  
  44  4:15  Baneling x2  
  43  4:31  Baneling  
  43  4:33  Baneling  
  43  4:42  Baneling  
  43  4:51  Zergling x18  
  42  5:22  Zergling x2  
  42  5:23  Zergling x18  
  42  5:27  Baneling x4  
  52  5:29  Baneling  
Tags
 
Add a new tag
Caveats
  • Supply blocks, unpowered buildings, or Contaminate may cause inaccurate times.
  • Supply counts are checked every 10 seconds.